 Dungeon Sprint DCSS version 0.29-a0-700-g2f1814c7b2 (webtiles) character file.

Game seed: 15598171541149012714

265 mhtbhm the Covert (level 5, -2/24 HPs)
             Began as a Spriggan Enchanter on June 25, 2022.
             Was an Initiate of Dithmenos.
             Slain by a gargoyle
             ... wielding a +0 flail
              (19 damage)
             ... in the Dungeon (Sprint IX: "|||||||||||||||||||||||||||||").
             The game lasted 00:01:16 (983 turns).

mhtbhm the Covert (Spriggan Enchanter)               Turns: 983, Time: 00:01:17

Health: -2/24      AC:  3    Str:  4    XL:     5   Next: 99%
Magic:  8/14       EV: 21    Int: 19    God:    Dithmenos [......]
Gold:   0          SH:  0    Dex: 21    Spells: 5/16 levels left

rFire   . . .      SeeInvis +   a - +2 rapier (drain)
rCold   . . .      Faith    .   (no shield)
rNeg    . . .      Spirit   .   b - +0 robe
rPois   .          Reflect  .   (helmet restricted)
rElec   .          Harm     .   l - +0 cloak
rCorr   .          Rampage  .   (gloves unavailable)
Will    .....      NoTele   +   (boots unavailable)
Stlth   +++++.....              (no amulet)
HPRegen 0.08/turn               m - +3 ring of dexterity
MPRegen 0.14/turn               n - +3 ring of intelligence

@: confusing by touch, very quick
A: very small, no large weapons, unfitting armour, see invisible, speed 3
a: Renounce Religion


You were in the Dungeon.
You worshipped Dithmenos.
Dithmenos was noncommittal.
You visited 1 branch

Inventory:

Hand Weapons
 a - a +2 rapier of draining (weapon)
Armour
 b - a +0 robe (worn)
 l - a +0 cloak (worn)
Jewellery
 m - a +3 ring of dexterity (left hand)
 n - a +3 ring of intelligence (right hand)
Wands
 k - a wand of light (10)
Scrolls
 i - 2 scrolls of blinking
 j - 2 scrolls of amnesia
Potions
 c - 3 potions of invisibility
 d - 5 potions of curing
 e - 2 potions of heal wounds
 f - a potion of haste
 g - 4 potions of magic
 h - a potion of berserk rage


   Skills:
 + Level 4.5 Short Blades
 + Level 6.0 Dodging
 + Level 10.8 Stealth
 + Level 6.2 Spellcasting
 + Level 9.3 Hexes
 + Level 1.5 Ice Magic


You had 5 spell levels left.
You knew the following spells:

 Your Spells              Type           Power      Damage    Failure   Level
a - Confusing Touch       Hex            41%        N/A       1%          3
b - Tukima's Dance        Hex            41%        N/A       1%          3
c - Ensorcelled Hibernat  Hex/Ice        52%        N/A       1%          2
d - Dazzling Flash        Conj/Hex       46%        N/A       4%          3

Your spell library contained the following spells:

 Spells                   Type           Power      Damage    Failure   Level


Dungeon Overview and Level Annotations

Branches:
Dungeon (1/1)

Altars:
Cheibriados
Dithmenos
Elyvilon
Fedhas
Gozag
Hepliaklqana
Kikubaaqudgha
Makhleb
Nemelex Xobeh
Okawaru
Qazlal
Ru
Sif Muna
Trog
Uskayaw
Vehumet
Wu Jian
Xom
Yredelemnul
Zin
The Shining One
Beogh
Jiyva
Lugonu


Innate Abilities, Weirdness & Mutations

You are very small and have problems with some larger weapons.
You are too small for most types of armour.
You have supernaturally acute eyesight. (SInv)
You cover ground extremely quickly. (Speed+++)


Message History

You're already wearing that ring!
You already know all available spells.
Unknown command.
You feel clever.
n - a +3 ring of intelligence (right hand)
You open the door.
A shadow, a yak, a kobold brigand, a two-headed ogre, a gargoyle and a gnoll sergeant come into view.
The kobold brigand is wielding a +0 dagger and quivering poisoned darts.
The gnoll sergeant is wielding a +0 trident of venom.
The two-headed ogre shouts in stereo!
The kobold brigand shouts!
The yak bellows!
The gnoll sergeant shouts!
Unknown command.
Casting: Confusing Touch (safe; 1% risk of failure)
Confirm with . or Enter, or press ? or * to list all spells.
Your hands begin to glow red.
The gnoll sergeant hits you from afar with a +0 trident of venom!
There is an open door to the Dungeon here.
You hit the gnoll sergeant but do no damage.
The gnoll sergeant appears confused.
Unknown command.
You strike the helpless gnoll sergeant from behind!
You puncture the gnoll sergeant!
You punch the gnoll sergeant, but do no damage.
The gnoll sergeant is severely wounded.
The gnoll sergeant misses you.
You hit the gnoll sergeant. You drain the gnoll sergeant.
You kill the gnoll sergeant!
Dithmenos accepts your kill.
Your Dodging skill increases to level 6!
Your Spellcasting skill increases to level 6!
Your Hexes skill increases to level 9!
Unknown command.
Unknown command.
Casting: Confusing Touch (safe; 1% risk of failure)
Confirm with . or Enter, or press ? or * to list all spells.
You can't see any susceptible monsters within range! (Use Z to cast anyway.)
Casting: Confusing Touch (safe; 1% risk of failure)
Confirm with . or Enter, or press ? or * to list all spells.
Your hands begin to glow red.
The gargoyle hits you with a +0 flail!!
Ouch! That really hurt!
You die... ▓▓▓▓▓▓▓▓▓▓▓▓▓▓▓▓▓▓▓▓▓▓▓▓ +WY.KO9@..[.[.)..'______ ▓▓▓▓▓▓▓▓▓▓▓▓▓▓▓▓▓▓▓▓▓▓▓▓

You could see a two-headed ogre, a yak, a gargoyle, a kobold brigand and a shadow.

Vanquished Creatures
  A necrophage (D)
  A gnoll sergeant (D)
  A scorpion (D)
  2 hounds (D)
  A gnoll shaman (D)
  2 goblins (D)
  A kobold (D)
  A quokka (D)
  A frilled lizard (D)
11 creatures vanquished.

Notes
Turn   | Place    | Note
-------+----------+-------------------------------------------
     0 | D        | mhtbhm the Spriggan Enchanter began the quest for the Orb.
     0 | D        | Reached XP level 1. HP: 9/9 MP: 5/5
    11 | D        | Reached skill level 5 in Stealth
   374 | D        | Noticed a necrophage
   374 | D        | Noticed a hound
   374 | D        | Noticed a gnoll shaman
   374 | D        | Noticed a hound
   374 | D        | Noticed a scorpion
   376 | D        | Killed a scorpion
   377 | D        | Reached skill level 7 in Stealth
   377 | D        | Reached XP level 2. HP: 13/13 MP: 6/8
   377 | D        | Reached XP level 3. HP: 16/16 MP: 6/9
   383 | D        | Learned a level 3 spell: Confusing Touch
   387 | D        | Learned a level 3 spell: Tukima's Dance
   390 | D        | Learned a level 2 spell: Ensorcelled Hibernation
   394 | D        | Reached skill level 8 in Stealth
   394 | D        | Reached XP level 4. HP: 21/21 MP: 3/11
   400 | D        | Reached skill level 5 in Dodging
   599 | D        | Reached skill level 9 in Stealth
   599 | D        | Reached skill level 5 in Spellcasting
   599 | D        | Reached XP level 5. HP: 24/24 MP: 9/13
   610 | D        | Reached skill level 10 in Stealth
   610 | D        | Reached skill level 1 in Ice Magic
   907 | D        | Found a snail-covered altar of Cheibriados.
   907 | D        | Found a shadowy altar of Dithmenos.
   907 | D        | Found a white marble altar of Elyvilon.
   907 | D        | Found a blossoming altar of Fedhas.
   907 | D        | Found an opulent altar of Gozag.
   908 | D        | Found a hazy altar of Hepliaklqana.
   909 | D        | Found a viscous altar of Jiyva.
   910 | D        | Found an ancient bone altar of Kikubaaqudgha.
   911 | D        | Found a corrupted altar of Lugonu.
   912 | D        | Found a burning altar of Makhleb.
   913 | D        | Found a sparkling altar of Nemelex Xobeh.
   914 | D        | Found an iron altar of Okawaru.
   915 | D        | Found a stormy altar of Qazlal.
   916 | D        | Found a sacrificial altar of Ru.
   924 | D        | Became a worshipper of Dithmenos the Shadowed
   930 | D        | Found a shimmering blue altar of Sif Muna.
   931 | D        | Found a bloodstained altar of Trog.
   932 | D        | Found a hide-covered altar of Uskayaw.
   933 | D        | Found a radiant altar of Vehumet.
   934 | D        | Found an ornate altar of the Wu Jian Council.
   935 | D        | Found a shimmering altar of Xom.
   936 | D        | Found a basalt altar of Yredelemnul.
   937 | D        | Found a glowing silver altar of Zin.
   938 | D        | Found a glowing golden altar of the Shining One.
   961 | D        | Learned a level 3 spell: Dazzling Flash
   977 | D        | Noticed a shadow
   977 | D        | Noticed a yak
   977 | D        | Noticed a two-headed ogre
   977 | D        | Noticed a gargoyle
   983 | D        | Slain by a gargoyle

Illustrated notes

Levels and vault maps discovered:
D:        linesprint [early_d, line_temple, items_1, d_10, items_2, lair_1,
          lair_end, items_3, orc_1, orc_end, items_4, d_15, swamp_1, shoals_1,
          snake_1, spider_1, d_20, vaults_1, items_5, swamp_end, shoals_end,
          snake_end, spider_end, vaults_end, d_27, items_6, zot_1, zot_end,
          crypt_end, forest_end, elf_end, slime_end, tomb_end, abyss_end,
          pan_hell_end]

Skill      XL: |  1  2  3  4  5 |
---------------+----------------+-----
Stealth        | 7 8 9 10 | 10.8
Spellcasting   | 4 5 6 |  6.2
Hexes          | 6 7 8 9 |  9.3
Dodging        | 4 5 6 |  6.0
Short Blades   | 2 3 4 |  4.5
Ice Magic      | 1 |  1.5

Action                   |  1- 3 |  4- 6 || total
-------------------------+-------+-------++-------
Melee: Dagger            |    28 |    11 ||    39
       Rapier            |       |     3 ||     3
       Punch             |       |     1 ||     1
 Cast: Ensorcelled Hiber |     2 |     3 ||     5
       Confusing Touch   |       |     3 ||     3
  Use: Potion            |     1 |       ||     1
 Stab: Sleeping          |     2 |     2 ||     4
       Confused          |       |     2 ||     2
Armor: Robe              |       |     1 ||     1
Dodge: Dodged            |    18 |     4 ||    22

Table legend: (Time is in decaauts)
 A = Elapsed time spent in this place.
 B = Non-inter-level travel time spent in this place.
 C = Inter-level travel time spent in this place.
 D = Time resting spent in this place.
 E = Time spent auto-exploring this place.
 F = Levels seen in this place.
 G = Mean time per level.
                   A        B        C        D        E       F      G
               +--------+--------+--------+--------+--------+-----+--------+
         Total |    946 |    946 |      0 |    813 |      1 |   1 |  946.0 |
       Dungeon |    946 |    946 |      0 |    813 |      1 |   1 |  946.0 |
               +--------+--------+--------+--------+--------+-----+--------+

Top non-repeatable levels by time:
       D: 946 daAuts
